| TOP OF THE 1ST |
|
New Orleans Zephyrs batting - Pitching for Lehigh Valley IronPigs : RHP Brian Thomas
|
|
Pitching: RHP Brian Thomas
|
|
|
Batting: RHB Boof Howell
|
0-0: Bunt missed! 0-1: Called Strike 0-2: Strikes out looking
|
|
Batting: LHB David Doge
|
0-0: Ball 1-0: Ground out 6-3 (Groundball, 6, EV 80.0 MPH)
|
|
Batting: LHB Jose Bregaro
|
0-0: SINGLE (Flyball, 9S, EV 96.2 MPH)
|
|
Batting: RHB Akira Suzuki
|
0-0: Ball 1-0: Called Strike Jose Bregaro steals 2nd base 1-1: Fly out, F8 (Flyball, 78D, EV 98.8 MPH)
|
| Top of the 1st over - 0 runs, 1 hit, 0 errors, 1 left on base; New Orleans 0 - Lehigh Valley 0 |
| BOTTOM OF THE 1ST |
|
Lehigh Valley IronPigs batting - Pitching for New Orleans Zephyrs : RHP Pharamond Lestrange
|
|
Pitching: RHP Pharamond Lestrange
|
|
|
Batting: RHB Mitch Boyd
|
0-0: Ball 1-0: Ball 2-0: Foul Ball, location: 2F 2-1: Ball 3-1: SINGLE (Line Drive, 56D, EV 103.8 MPH)
|
|
Batting: RHB Alberto Ramirez
|
0-0: SINGLE (Groundball, 56D, EV 100.6 MPH) Mitch Boyd to second
|
|
Batting: LHB Danny Hill
|
0-0: Called Strike 0-1: Foul Ball, location: 2F 0-2: Foul Ball, location: 2F 0-2: Ball 1-2: Foul Ball, location: 2F 1-2: Strikes out looking
|
|
Batting: RHB Raul de la Cruz
|
0-0: Ball 1-0: Called Strike 1-1: Ball 2-1: Called Strike 2-2: Fielders Choice at 2nd, 5-4 (Groundball, 56, EV 98.8 MPH) Mitch Boyd to third
|
|
Batting: SHB Phuck II
|
0-0: Ball 1-0: Called Strike 1-1: Ball 2-1: Swinging Strike 2-2: Strikes out swinging
|
| Bottom of the 1st over - 0 runs, 2 hits, 0 errors, 2 left on base; New Orleans 0 - Lehigh Valley 0 |
| TOP OF THE 2ND |
|
New Orleans Zephyrs batting - Pitching for Lehigh Valley IronPigs : RHP Brian Thomas
|
|
Batting: LHB Carlos Mosqueda
|
0-0: Ball 1-0: Foul Ball, location: 2F 1-1: Called Strike 1-2: Ball 2-2: Strikes out swinging
|
|
Batting: RHB Torquato Obawole
|
0-0: Ground out 6-3 (Groundball, 6, EV 103.8 MPH)
|
|
Batting: RHB Jim Fisher
|
0-0: Called Strike 0-1: Called Strike 0-2: Fly out, F3 (Line Drive, 3, EV 68.8 MPH)
|
| Top of the 2nd over - 0 runs, 0 hits, 0 errors, 0 left on base; New Orleans 0 - Lehigh Valley 0 |
| BOTTOM OF THE 2ND |
|
Lehigh Valley IronPigs batting - Pitching for New Orleans Zephyrs : RHP Pharamond Lestrange
|
|
Batting: RHB Moritake Fukumoto
|
0-0: SINGLE (Line Drive, 34D, EV 96.2 MPH)
|
|
Batting: RHB Kyle Reilly
|
0-0: Foul Ball, location: 2F 0-1: Called Strike 0-2: Grounds into double play, 6-4-3 (Groundball, 6, EV 101.9 MPH)
|
|
Batting: SHB Benjamin Brown
|
0-0: Called Strike 0-1: Ball 1-1: Ball 2-1: Foul Ball, location: 2F 2-2: Ball 3-2: Strikes out swinging
|
| Bottom of the 2nd over - 0 runs, 1 hit, 0 errors, 0 left on base; New Orleans 0 - Lehigh Valley 0 |
| TOP OF THE 3RD |
|
New Orleans Zephyrs batting - Pitching for Lehigh Valley IronPigs : RHP Brian Thomas
|
|
Batting: RHB Ryuki Ogasawara
|
0-0: Ball 1-0: DOUBLE (Flyball, 89XD, EV 113.8 MPH)
|
|
Batting: RHB John Jackson
|
0-0: Ball 1-0: Ball 2-0: Swinging Strike 2-1: Ball 3-1: Swinging Strike 3-2: Strikes out swinging
|
|
Batting: RHB Boof Howell
|
0-0: Ball 1-0: Ball 2-0: Ball 3-0: Called Strike 3-1: Base on Balls
|
|
Batting: LHB David Doge
|
0-0: Ball 1-0: Called Strike 1-1: Ball 2-1: Fielders Choice at 2nd, 3-6 (Groundball, 3, EV 87.5 MPH) Ryuki Ogasawara to third
|
|
Batting: LHB Jose Bregaro
|
0-0: Ground out U3 (Groundball, 3L, EV 78.8 MPH)
|
| Top of the 3rd over - 0 runs, 1 hit, 0 errors, 2 left on base; New Orleans 0 - Lehigh Valley 0 |
| BOTTOM OF THE 3RD |
|
Lehigh Valley IronPigs batting - Pitching for New Orleans Zephyrs : RHP Pharamond Lestrange
|
|
Batting: RHB Luis Arce
|
0-0: Called Strike 0-1: Ball 1-1: Ball 2-1: Ball 3-1: Base on Balls
|
|
Batting: RHB Mitch Boyd
|
0-0: Called Strike 0-1: Foul Ball, location: 2F 0-2: Foul Ball, location: 2F 0-2: Ball 1-2: Foul Ball, location: 2F 1-2: Grounds into double play, 5-4-3 (Groundball, 56, EV 105.6 MPH)
|
|
Batting: RHB Alberto Ramirez
|
0-0: Swinging Strike 0-1: Ball 1-1: Foul Ball, location: 2F 1-2: Hit by Pitch
|
|
Batting: LHB Danny Hill
|
0-0: Called Strike 0-1: Ball 1-1: Foul Ball, location: 2F 1-2: Ball Alberto Ramirez is caught stealing 2nd base 2-6
|
| Bottom of the 3rd over - 0 runs, 0 hits, 0 errors, 0 left on base; New Orleans 0 - Lehigh Valley 0 |
| TOP OF THE 4TH |
|
New Orleans Zephyrs batting - Pitching for Lehigh Valley IronPigs : RHP Brian Thomas
|
|
Batting: RHB Akira Suzuki
|
0-0: Called Strike 0-1: Ground out 6-3 (Groundball, 6, EV 81.2 MPH)
|
|
Batting: LHB Carlos Mosqueda
|
0-0: Ball 1-0: Ball 2-0: Ball 3-0: Called Strike 3-1: SINGLE (Groundball, 6MD, EV 105.0 MPH)
|
|
Batting: RHB Torquato Obawole
|
0-0: Foul Ball, location: 2F 0-1: Ball 1-1: Foul Ball, location: 2F 1-2: Ball 2-2: Foul Ball, location: 2F 2-2: Strikes out looking
|
|
Batting: RHB Jim Fisher
|
0-0: Called Strike 0-1: Ball 1-1: Foul Ball, location: 2F 1-2: Ball 2-2: Ground out 4-3 (Groundball, 34S, EV 90.0 MPH)
|
| Top of the 4th over - 0 runs, 1 hit, 0 errors, 1 left on base; New Orleans 0 - Lehigh Valley 0 |
| BOTTOM OF THE 4TH |
|
Lehigh Valley IronPigs batting - Pitching for New Orleans Zephyrs : RHP Pharamond Lestrange
|
|
Batting: LHB Danny Hill
|
0-0: Ball 1-0: Foul Ball, location: 2F 1-1: Ground out 5-3 (Groundball, 5, EV 88.1 MPH)
|
|
Batting: RHB Raul de la Cruz
|
0-0: Foul Ball, location: 2F 0-1: Ball 1-1: Ball 2-1: Foul Ball, location: 2F 2-2: Ball 3-2: Base on Balls
|
|
Batting: SHB Phuck II
|
0-0: Called Strike 0-1: Ball 1-1: Swinging Strike 1-2: Ball 2-2: Fly out, F4 (Popup, 4MS, EV 59.4 MPH)
|
|
Batting: RHB Moritake Fukumoto
|
0-0: Fielders Choice at 2nd, 6-4 (Groundball, 6, EV 98.1 MPH)
|
| Bottom of the 4th over - 0 runs, 0 hits, 0 errors, 1 left on base; New Orleans 0 - Lehigh Valley 0 |
| TOP OF THE 5TH |
|
New Orleans Zephyrs batting - Pitching for Lehigh Valley IronPigs : RHP Brian Thomas
|
|
Batting: RHB Ryuki Ogasawara
|
0-0: Called Strike 0-1: Ball 1-1: Ball 2-1: Reached on error, E4 (Groundball, 4, EV 79.4 MPH)
|
|
Batting: RHB John Jackson
|
0-0: Swinging Strike 0-1: Foul Ball, location: 2F 0-2: Ball 1-2: SINGLE (Line Drive, 89M, EV 101.9 MPH) Ryuki Ogasawara to second
|
|
Batting: RHB Boof Howell
|
0-0: Ball 1-0: Ball 2-0: Ball 3-0: Called Strike 3-1: Swinging Strike 3-2: Foul Ball, location: 2F 3-2: Strikes out swinging
|
|
Batting: LHB David Doge
|
0-0: Called Strike 0-1: Ball 1-1: Fly out, F5 (Popup, 25, EV 85.6 MPH)
|
|
Batting: LHB Jose Bregaro
|
0-0: Foul Ball, location: 2F 0-1: Called Strike 0-2: Foul Ball, location: 2F 0-2: Foul Ball, location: 2F 0-2: Ball 1-2: Fielders Choice at 2nd, U4 (Groundball, 4M, EV 81.9 MPH)
|
| Top of the 5th over - 0 runs, 1 hit, 1 error, 2 left on base; New Orleans 0 - Lehigh Valley 0 |
| BOTTOM OF THE 5TH |
|
Lehigh Valley IronPigs batting - Pitching for New Orleans Zephyrs : RHP Pharamond Lestrange
|
|
Batting: RHB Kyle Reilly
|
0-0: Ball 1-0: Called Strike 1-1: Fly out, F7 (Flyball, 7S, EV 72.5 MPH)
|
|
Batting: SHB Benjamin Brown
|
0-0: Ball 1-0: Hit by Pitch
|
|
Batting: RHB Luis Arce
|
0-0: Swinging Strike 0-1: Swinging Strike 0-2: Ball 1-2: Ball Benjamin Brown is caught stealing 2nd base 2-4 2-2: Foul Ball, location: 2F 2-2: Foul Ball, location: 2F 2-2: Strikes out looking
|
| Bottom of the 5th over - 0 runs, 0 hits, 0 errors, 0 left on base; New Orleans 0 - Lehigh Valley 0 |
| TOP OF THE 6TH |
|
New Orleans Zephyrs batting - Pitching for Lehigh Valley IronPigs : RHP Brian Thomas
|
|
Batting: RHB Akira Suzuki
|
0-0: Ball 1-0: Ball 2-0: Ball 3-0: Ground out 5-3 (Groundball, 56S, EV 71.2 MPH)
|
|
Batting: LHB Carlos Mosqueda
|
0-0: Ground out 6-3 (Groundball, 6D, EV 104.4 MPH)
|
|
Batting: RHB Torquato Obawole
|
0-0: Fly out, F8 (Line Drive, 78M, EV 88.1 MPH)
|
| Top of the 6th over - 0 runs, 0 hits, 0 errors, 0 left on base; New Orleans 0 - Lehigh Valley 0 |
| BOTTOM OF THE 6TH |
|
Lehigh Valley IronPigs batting - Pitching for New Orleans Zephyrs : RHP Pharamond Lestrange
|
|
Batting: RHB Mitch Boyd
|
0-0: Ball 1-0: Ball 2-0: Ball 3-0: Base on Balls
|
|
Batting: RHB Alberto Ramirez
|
0-0: Ball 1-0: Ball 2-0: Foul Ball, location: 2F 2-1: Ground out 4-3 (Groundball, 34, EV 97.5 MPH) Mitch Boyd to second
|
|
Batting: LHB Danny Hill
|
0-0: Called Strike 0-1: Ball 1-1: Foul Ball, location: 2F 1-2: Foul Ball, location: 2F 1-2: Fly out, F7 (Flyball, 7, EV 85.0 MPH)
|
|
Batting: RHB Raul de la Cruz
|
0-0: Ball 1-0: Foul Ball, location: 2F 1-1: Foul Ball, location: 2F 1-2: Foul Ball, location: 2F 1-2: Hit by Pitch
|
|
Pitching: LHP Dan Tapley
|
|
|
Batting: SHB Phuck II
|
0-0: Swinging Strike 0-1: Fly out, F8 (Flyball, 8LD, EV 86.2 MPH)
|
| Bottom of the 6th over - 0 runs, 0 hits, 0 errors, 2 left on base; New Orleans 0 - Lehigh Valley 0 |
| TOP OF THE 7TH |
|
New Orleans Zephyrs batting - Pitching for Lehigh Valley IronPigs : RHP Brian Thomas
|
|
Batting: RHB Jim Fisher
|
0-0: SINGLE (Line Drive, 56, EV 99.4 MPH)
|
|
Batting: RHB Ryuki Ogasawara
|
0-0: Ball 1-0: Bunted foul 1-1: Ball 2-1: Sac Bunt to 13S - play at first, batter OUT! 1-4 Jim Fisher to second
|
|
Batting: RHB John Jackson
|
0-0: Hit by Pitch
|
|
Batting: RHB Boof Howell
|
0-0: Called Strike 0-1: Foul Ball, location: 2F 0-2: SINGLE (Line Drive, 7S, EV 103.1 MPH) Jim Fisher to third John Jackson to second
|
|
Batting: LHB David Doge
|
0-0: Ball 1-0: Ball 2-0: Ball 3-0: Base on Balls Jim Fisher scores John Jackson to third Boof Howell to second
|
|
Batting: LHB Jose Bregaro
|
0-0: Ball 1-0: Ball 2-0: Called Strike 2-1: GRAND SLAM HOME RUN (Flyball, 9D, EV 97.5 MPH), Distance : 387 ft
|
|
Pitching: RHP David LaBounty
|
|
|
Batting: RHB Akira Suzuki
|
0-0: Fly out, F7 (Line Drive, 7S, EV 94.4 MPH)
|
|
Batting: LHB Carlos Mosqueda
|
0-0: Called Strike 0-1: Ball 1-1: Swinging Strike 1-2: Ball 2-2: Ball 3-2: Strikes out swinging
|
| Top of the 7th over - 5 runs, 3 hits, 0 errors, 0 left on base; New Orleans 5 - Lehigh Valley 0 |
| BOTTOM OF THE 7TH |
|
Lehigh Valley IronPigs batting - Pitching for New Orleans Zephyrs : LHP Dan Tapley
|
|
Batting: RHB Moritake Fukumoto
|
0-0: SOLO HOME RUN (Flyball, 9LD, EV 95.0 MPH), Distance : 331 ft
|
|
Batting: RHB Kyle Reilly
|
0-0: Ball 1-0: Foul Ball, location: 2F 1-1: Ground out 5-3 (Groundball, 56S, EV 73.8 MPH)
|
|
Batting: SHB Benjamin Brown
|
0-0: Ground out 6-3 (Groundball, 6S, EV 71.9 MPH)
|
|
Batting: RHB Luis Arce
|
0-0: Ball 1-0: Called Strike 1-1: Swinging Strike 1-2: Ground out 4-3 (Groundball, 4, EV 85.6 MPH)
|
| Bottom of the 7th over - 1 run, 1 hit, 0 errors, 0 left on base; New Orleans 5 - Lehigh Valley 1 |
| TOP OF THE 8TH |
|
New Orleans Zephyrs batting - Pitching for Lehigh Valley IronPigs : RHP David LaBounty
|
|
Batting: RHB Torquato Obawole
|
0-0: Called Strike 0-1: Ball 1-1: Ball 2-1: Swinging Strike 2-2: Ball 3-2: Ground out 3-1 (Groundball, 34, EV 86.2 MPH)
|
|
Batting: RHB Jim Fisher
|
0-0: SINGLE (Groundball, 6MD, EV 95.0 MPH)
|
|
Batting: RHB Ryuki Ogasawara
|
0-0: Foul Ball, location: 2F 0-1: Ball 1-1: Ball 2-1: Called Strike 2-2: Ball 3-2: Fly out, F9 (Flyball, 89M, EV 98.1 MPH)
|
|
Batting: RHB John Jackson
|
0-0: Ground out 5-3 (Groundball, 56S, EV 89.4 MPH)
|
| Top of the 8th over - 0 runs, 1 hit, 0 errors, 1 left on base; New Orleans 5 - Lehigh Valley 1 |
| BOTTOM OF THE 8TH |
|
Lehigh Valley IronPigs batting - Pitching for New Orleans Zephyrs : LHP Dan Tapley
|
|
Batting: RHB Mitch Boyd
|
0-0: Ball 1-0: Ball 2-0: Ball 3-0: Called Strike 3-1: Called Strike 3-2: Ground out 5-3 (Groundball, 5, EV 80.6 MPH)
|
|
Batting: RHB Alberto Ramirez
|
0-0: Foul Ball, location: 2F 0-1: Ball 1-1: SINGLE (Groundball, 5S, EV 63.1 MPH) (infield hit)
|
|
Batting: LHB Danny Hill
|
0-0: Called Strike 0-1: Ball 1-1: Ball 2-1: SINGLE (Flyball, 8LS, EV 86.9 MPH) Alberto Ramirez to second
|
|
Batting: RHB Raul de la Cruz
|
0-0: Swinging Strike 0-1: Foul Ball, location: 2F 0-2: DOUBLE (Line Drive, 89XD, EV 115.0 MPH) Alberto Ramirez scores Danny Hill to third Runner from 3rd tries for Home, SAFE, no throw by RF
|
|
Pitching: RHP Doug Seliger
|
|
|
Batting: SHB Phuck II
|
0-0: Called Strike 0-1: Ball 1-1: Ball 2-1: Foul Ball, location: 2F 2-2: DOUBLE (Groundball, 3L, EV 105.6 MPH) Raul de la Cruz scores
|
|
Pinch Hitting: LHB Jose Carlos
|
0-0: Foul Ball, location: 2F 0-1: 2-RUN HOME RUN (Flyball, 7LD, EV 90.6 MPH), Distance : 353 ft
|
|
Batting: RHB Kyle Reilly
|
0-0: Foul Ball, location: 2F 0-1: Ball 1-1: Fly out, F9 (Flyball, 9, EV 79.4 MPH)
|
|
Batting: SHB Benjamin Brown
|
0-0: Called Strike 0-1: Swinging Strike 0-2: Strikes out swinging
|
| Bottom of the 8th over - 5 runs, 5 hits, 0 errors, 0 left on base; New Orleans 5 - Lehigh Valley 6 |
| TOP OF THE 9TH |
|
New Orleans Zephyrs batting - Pitching for Lehigh Valley IronPigs : RHP David LaBounty
|
|
Pitching: RHP Jeremy Mitchem
|
|
|
Now at 3B: Bill Moldenhauer
|
|
|
Batting: RHB Boof Howell
|
0-0: Ball 1-0: Ball 2-0: Called Strike 2-1: Ball 3-1: SINGLE (Groundball, 34D, EV 103.8 MPH)
|
|
Batting: LHB David Doge
|
0-0: Sac Bunt to 3S - play at first, batter OUT! 3-4 Boof Howell to second
|
|
Batting: LHB Jose Bregaro
|
0-0: Ball 1-0: Foul Ball, location: 2F 1-1: Ball 2-1: Ball 3-1: Ground out U3 (Groundball, 34, EV 78.1 MPH) Boof Howell to third
|
|
Batting: RHB Akira Suzuki
|
0-0: Called Strike 0-1: Called Strike 0-2: Ball 1-2: Foul Ball, location: 2F 1-2: Strikes out looking
|
| Top of the 9th over - 0 runs, 1 hit, 0 errors, 1 left on base; New Orleans 5 - Lehigh Valley 6 |
|